Map: Acolyte LE

Players

Ziggy

  • Race: Terran Terran
  • Spawn Location: 1:00

Namshar - Winner!

  • Race: Zerg Zerg
  • Spawn Location: 7:00

Event: WCS Montreal 2017

VOD

Have the link to the VOD?

Description

Time

  • Played on: Sept. 8, 2017, 7:37 p.m.
  • Length: 17:43

All games in this series

Show
View Real Time Build Order
Export as new Build Order

Ziggy Terran 

Build Orders: MMM Bio 

Get SALT Encoding   

  12  0:00  SCV  
  13  0:12  SCV  
  14  0:18  Supply Depot  
  14  0:25  SCV  
  15  0:39  SCV  
  16  0:48  Barracks  
  16  0:56  Barracks  
  16  0:59  SCV  
  17  1:09  Refinery  
  17  1:11  SCV  
  18  1:23  SCV  
  19  1:36  Marine  
  19  1:37  Orbital Command  
  19  1:39  Supply Depot  
  20  1:42  Marine  
  21  1:47  Bunker  
  21  1:54  Marine  
  21  2:00  Marine  
  23  2:12  Marine  
  24  2:20  SCV  
  25  2:25  Marine  
  25  2:28  Bunker  
  24  2:30  Marine  
  25  2:38  SCV  
  25  2:42  Factory, Marine  
  27  2:47  Marine  
  27  2:50  SCV  
  29  2:54  Supply Depot  
  29  3:00  Marine  
  29  3:03  SCV  
  31  3:16  Marine, SCV  
  31  3:18  Marine  
  34  3:24  Command Center  
  34  3:28  SCV  
  34  3:29  Factory Reactor  
  34  3:34  Marine  
  36  3:36  Starport, Marine  
  36  3:40  SCV  
  38  3:46  Supply Depot  
  39  3:57  SCV  
  39  4:10  SCV  
  39  4:15  Viking  
  42  4:23  Command Center, SCV  
  47  4:31  Hellion x2  
  47  4:38  Orbital Command  
  47  4:42  SCV  
  48  4:54  SCV  
  49  5:01  Refinery, Engineering Bay  
  49  5:02  Engineering Bay  
  49  5:05  SCV  
  49  5:06  SCV  
  55  5:14  Hellion x2  
  55  5:17  SCV  
  55  5:18  SCV  
  57  5:27  Terran Infantry Weapons Level 1  
  57  5:28  Terran Infantry Armor Level 1  
  57  5:29  SCV  
  57  5:30  SCV  
  57  5:35  Barracks Reactor, Barracks Tech Lab  
  59  5:36  Orbital Command  
  59  5:38  Supply Depot  
  59  5:41  SCV  
  60  5:43  SCV  
  61  5:50  Barracks  
  61  5:53  SCV  
  61  5:54  Marine  
  61  5:55  Stimpack, SCV  
  64  6:03  SCV  
  65  6:04  Barracks  
  65  6:05  SCV  
  65  6:06  Barracks  
  65  6:07  SCV  
  65  6:08  Factory Reactor  
  65  6:09  Starport Reactor  
  67  6:14  Refinery  
  67  6:15  SCV  
  67  6:16  Refinery  
  67  6:17  SCV  
  69  6:19  SCV  
  69  6:21  Supply Depot  
  69  6:23  Marine x3  
  73  6:28  SCV  
  73  6:30  SCV  
  75  6:35  SCV  
  75  6:39  Marine x2  
  77  6:40  SCV  
  77  6:41  Marine x2  
  77  6:42  SCV  
  77  6:44  Supply Depot  
  77  6:46  Armory  
  82  6:47  SCV  
  82  6:48  Supply Depot  
  82  6:50  Marine  
  82  6:52  SCV  
  82  6:53  Barracks Reactor  
  82  6:54  Barracks Reactor, SCV  
  86  6:55  Medivac  
  86  6:57  Marine  
  86  6:59  SCV  
  90  7:02  Missile Turret  
  90  7:03  Marine  
  90  7:04  SCV  
  90  7:06  SCV  
  90  7:07  Widow Mine  
  90  7:08  Widow Mine  
  97  7:09  Medivac  
  97  7:10  Marine x2  
  97  7:11  SCV  
  102  7:16  SCV  
  102  7:18  SCV  
  104  7:23  Supply Depot, SCV  
  104  7:25  Supply Depot  
  104  7:26  Marine x3  
  104  7:27  Marine  
  104  7:28  Supply Depot  
  109  7:35  Terran Infantry Weapons Level 2  
  109  7:37  Marine x2  
  109  7:44  Marine x2, SCV x2  
  113  7:51  SCV  
  113  7:55  Marauder  
  113  7:56  SCV  
  113  7:57  Terran Infantry Armor Level 2  
  118  7:58  SCV  
  118  8:01  Refinery x2  
  118  8:02  Barracks x2, Supply Depot  
  118  8:04  SCV  
  118  8:05  Combat Shields  
  119  8:07  Marine x4  
  119  8:08  SCV  
  124  8:14  SCV  
  124  8:16  SCV, Marauder  
  124  8:17  Factory Tech Lab, Marine x2  
  130  8:20  Factory  
  130  8:24  SCV  
  130  8:26  SCV  
  130  8:34  Marine  
  130  8:35  Marine x2  
  130  8:37  Marine x5  
  130  8:38  Marauder  
  140  8:44  Siege Tank  
  140  8:45  SCV x3  
  140  8:47  Supply Depot  
  140  8:48  Supply Depot  
  146  8:49  Supply Depot  
  144  8:57  Medivac x2  
  144  9:00  Marine x4, Barracks Tech Lab x2  
  144  9:01  Marine, Marauder  
  138  9:04  Factory Tech Lab  
  137  9:13  Marine x2  
  139  9:22  Siege Tank, Marauder x3  
  146  9:24  Siege Tank  
  149  9:32  Medivac x2  
  153  9:38  Marine x2  
  153  9:39  Marine  
  153  9:43  Marauder x2  
  153  9:44  Command Center, Marauder  
  158  9:54  Terran Infantry Weapons Level 3  
  158  9:56  Missile Turret  
  158  10:00  Missile Turret  
  158  10:02  Medivac  
  158  10:03  Medivac, Marine x3, Missile Turret  
  158  10:04  Marine x2  
  167  10:09  Siege Tank  
  167  10:10  Siege Tank  
  173  10:15  Terran Infantry Armor Level 3  
  173  10:16  Marine x2  
  173  10:21  Marine x3  
  178  10:34  Marauder  
  180  10:36  Refinery  
  180  10:40  Refinery  
  180  10:55  Siege Tank x2  
  180  10:56  Marauder x3  
  192  10:59  Supply Depot x3  
  192  11:05  Ghost Academy  
  192  11:07  Medivac x2  
  179  11:27  Siege Tank x2  
  185  11:34  Planetary Fortress  
  185  11:36  Factory  
  185  11:37  Factory  
  185  11:38  Factory  
  189  11:40  Marine  
  189  11:41  Command Center  
  189  11:42  Ghost  
  189  11:45  Command Center  
  188  11:48  Ghost  
  188  11:52  Missile Turret  
  188  11:54  Missile Turret  
  190  11:59  Siege Tank  
  169  12:12  Orbital Command, Marine x4  
  169  12:13  Marine, Marauder x2  
  157  12:16  Liberator x2  
  157  12:17  Marauder  
  157  12:22  Marine  
  134  12:28  Marine x2  
  136  12:30  Marine x4  
  136  12:34  Ghost, Marauder  
  147  12:38  Ghost  
  147  12:39  SCV x4  
  152  12:50  Supply Depot  
  152  12:51  Siege Tank, SCV x2  
  154  12:53  Factory Tech Lab x3  
  154  12:54  Terran Vehicle Weapons Level 1  
  157  12:59  Siege Tank  
  157  13:00  Marine x2  
  162  13:07  Ghost  
  164  13:25  Ghost x2  
  164  13:27  Siege Tank  
  164  13:30  Siege Tank  
  164  13:33  Siege Tank  
  173  13:34  Planetary Fortress  
  169  13:41  Ghost  
  169  13:45  Liberator  
  169  13:59  Marine x4  
  169  14:00  Marine x2, Marauder x2  
  179  14:05  Siege Tank  
  179  14:08  Siege Tank  
  188  14:11  Marine x3  
  191  14:17  Marine  
  191  14:18  Refinery  
  192  14:43  Ghost  
  192  14:44  Ghost x2  
  149  15:10  Marine x2  
  149  15:12  Ghost x2  
  149  15:13  Marauder  
  152  15:25  Marine x6  
  152  15:27  Marine x2  
  160  15:34  Ghost, Planetary Fortress  
  162  15:40  Ghost  
  162  15:41  Marine  
  165  15:43  Marine x2  
  167  15:57  Medivac x2  
  167  15:58  Marine x4  
  167  15:59  Marauder  
  157  16:19  Marine x3  
  157  16:20  Marauder  
  157  16:21  Marine x3  
  157  16:22  Marine, Marauder  
  168  16:34  Orbital Command  
  168  16:39  Siege Tank x2  
  171  16:48  Marine  
  171  16:49  Marauder  
  126  17:09  Marine, Marauder  
  122  17:16  Marine x5  
  122  17:17  Marauder  
Show
View Real Time Build Order
Export as new Build Order

Namshar Zerg - Winner!

Build Orders: Pool First 

Get SALT Encoding   

  12  0:00  Drone  
  13  0:12  Overlord  
  13  0:17  Drone  
  14  0:30  Drone x2  
  14  0:33  Drone  
  17  0:43  Extractor  
  17  0:44  Drone  
  17  0:49  Spawning Pool  
  16  0:55  Drone  
  17  1:06  Drone  
  18  1:17  Hatchery  
  17  1:20  Drone  
  18  1:27  Drone  
  19  1:37  Queen  
  19  1:38  Zergling x2  
  22  1:53  Spine Crawler, Zergling x2  
  21  2:33  Zergling x2  
  21  2:34  Zergling x6  
  23  2:49  Spine Crawler  
  23  2:51  Queen, Metabolic Boost  
  22  2:57  Spine Crawler, Drone  
  24  3:05  Drone x2  
  26  3:14  Overlord  
  26  3:16  Drone  
  26  3:18  Drone  
  28  3:37  Drone  
  28  3:38  Overlord, Drone x3  
  28  3:40  Drone  
  33  3:46  Drone  
  34  3:51  Overlord  
  34  3:53  Drone x2  
  36  3:58  Drone  
  38  4:02  Drone  
  38  4:03  Drone x3  
  41  4:18  Hatchery  
  41  4:22  Roach Warren  
  39  4:26  Drone  
  39  4:31  Drone x4  
  44  4:40  Overlord  
  44  4:43  Drone x2  
  44  4:44  Extractor  
  45  4:45  Queen  
  45  4:50  Overlord  
  47  4:57  Overlord  
  47  5:04  Drone x3  
  47  5:07  Extractor, Drone x3  
  52  5:10  Evolution Chamber  
  52  5:13  Drone x2, Evolution Chamber  
  52  5:23  Lair  
  52  5:25  Drone x4  
  52  5:26  Drone  
  57  5:32  Drone x2  
  57  5:33  Drone x2  
  61  5:47  Overlord  
  61  5:48  Spore Crawler  
  59  5:51  Spore Crawler  
  59  5:52  Spore Crawler, Drone  
  59  5:55  Zerg Melee Weapons Level 1, Drone, Zerg Ground Armor Level 1  
  59  5:57  Drone x2  
  59  6:00  Drone x2  
  63  6:04  Drone x2  
  63  6:05  Drone  
  63  6:09  Queen  
  68  6:15  Drone  
  68  6:16  Drone x4  
  72  6:22  Extractor x2, Glial Reconstitution  
  72  6:24  Drone  
  72  6:25  Overlord, Infestation Pit  
  70  6:29  Drone x3  
  73  6:34  Queen  
  74  6:40  Drone  
  74  6:41  Extractor  
  74  6:42  Drone  
  75  6:47  Drone  
  75  6:48  Drone  
  75  6:49  Drone x3  
  75  6:50  Drone  
  75  6:53  Burrow  
  81  6:58  Overlord x2  
  81  7:00  Roach  
  81  7:01  Roach x3  
  89  7:10  Overlord  
  88  7:15  Queen  
  88  7:18  Roach x5  
  100  7:24  Spore Crawler  
  100  7:26  Spore Crawler  
  100  7:28  Hive  
  98  7:30  Infestor x3  
  103  7:41  Roach  
  103  7:42  Roach x4  
  103  7:43  Overlord x3  
  113  7:50  Ravager  
  114  7:53  Zerg Melee Weapons Level 2  
  114  7:57  Hatchery  
  113  8:03  Queen  
  115  8:12  Ravager x3  
  118  8:16  Zergling x16  
  118  8:19  Zerg Ground Armor Level 2  
  126  8:21  Drone  
  126  8:25  Hatchery  
  126  8:38  Drone  
  126  8:41  Ultralisk Cavern, Overlord x5  
  127  8:42  Overlord  
  127  8:44  Queen  
  128  8:49  Ravager x2  
  127  9:01  Overlord x3  
  127  9:02  Overlord  
  127  9:03  Adrenal Glands  
  127  9:06  Drone x2  
  127  9:07  Drone x3  
  131  9:17  Zergling x16  
  131  9:22  Extractor  
  131  9:24  Extractor  
  135  9:25  Zergling x2  
  135  9:26  Zergling x4  
  137  9:38  Chitinous Plating, Pneumatized Carapace  
  137  9:40  Ultralisk  
  137  9:41  Ultralisk  
  149  9:50  Drone x5  
  154  9:55  Ravager  
  154  9:56  Ravager x2  
  157  10:01  Ultralisk, Zergling x10  
  157  10:04  Hatchery  
  165  10:16  Ravager x2, Ultralisk  
  165  10:20  Zergling x2  
  165  10:21  Zergling x26  
  182  10:52  Zerg Ground Armor Level 3, Zerg Melee Weapons Level 3  
  182  10:53  Drone  
  182  11:01  Pathogen Glands  
  192  11:11  Ultralisk x2, Zergling x6  
  192  11:12  Zergling x8  
  192  11:17  Hatchery  
  195  11:29  Queen  
  197  11:45  Ravager x2  
  159  12:20  Ultralisk x5  
  176  12:36  Spire  
  170  12:38  Spire  
  178  12:44  Ultralisk x3  
  178  12:51  Drone  
  185  12:52  Queen  
  185  12:58  Drone x4  
  189  13:01  Zergling x14  
  189  13:05  Hatchery  
  196  13:06  Infestor  
  196  13:08  Overseer  
  196  13:09  Overseer  
  198  13:14  Extractor  
  198  13:15  Hatchery  
  194  13:20  Infestor x3  
  198  13:29  Zerg Missile Weapons Level 1  
  197  14:03  Zerg Flyer Armor Level 1, Greater Spire  
  197  14:15  Ravager  
  163  15:02  Ultralisk x7  
  199  15:33  Infestor x3  
  199  15:37  Zerg Flyer Weapons Level 1  
  185  16:19  Corruptor x8  
  185  16:20  Corruptor x8  
  167  17:10  Brood Lord x8  
  177  17:16  Brood Lord  
  177  17:17  Zergling x6  
  177  17:18  Zergling x20  
Tags
 
Add a new tag
Caveats
  • Supply blocks, unpowered buildings, or Contaminate may cause inaccurate times.
  • Supply counts are checked every 10 seconds.